 Dungeon Crawl Stone Soup version 0.25-a0-1024-gbfbf38f2cb (webtiles) character file.

Game seed: 17569058026490554845, levelgen mode: deterministic

2443 Flugslaktarn the Cleaver (level 9, -4/147 HPs)
             Began as an Ogre Berserker on May 12, 2020.
             Was a High Priest of Trog.
             Slain by an orc warrior
             ... wielding a +0 dire flail
              (7 damage)
             ... on level 7 of the Dungeon.
             The game lasted 00:04:34 (10522 turns).

Flugslaktarn the Cleaver (Ogre Berserker)          Turns: 10522, Time: 00:04:35

Health: -4/147     AC:  3    Str: 23    XL:     9   Next: 49%
Magic:  9/9        EV: 12    Int:  8    God:    Trog [*****.]
Gold:   456        SH:  0    Dex: 11    Spells: 8/8 levels left

rFire    . . .     SeeInvis +   B - +1 glaive (freeze)
rCold    . . .     Gourm    .   (shield currently unavailable)
rNeg     . . .     Faith    .   b - +0 animal skin
rPois    +         Spirit   .   (helmet restricted)
rElec    .         Reflect  .   (no cloak)
rCorr    .         Harm     .   (gloves unavailable)
MR       .....                  (boots unavailable)
Stlth    ..........             (no amulet)
HPRegen  0.34/turn              o - ring of poison resistance
MPRegen  0.11/turn              i - ring of see invisible (curse)

@: berserking (expiring), lethally poisoned (-4 -> -4), very quick
A: large, unfitting armour, tough skin 1
a: Berserk, Trog's Hand, Brothers in Arms, Renounce Religion


You were on level 7 of the Dungeon.
You worshipped Trog.
Trog was extremely pleased with you.
You were not hungry.

You visited 1 branch of the dungeon, and saw 7 of its levels.
You also visited: Sewer and Ossuary.

You collected 456 gold pieces.

Inventory:

Hand Weapons
 a - a +0 hand axe
 B - a +1 glaive of freezing (weapon)
   (You found it on level 5 of the Dungeon)
Armour
 b - a +0 animal skin (worn)
Jewellery
 d - a +3 ring of strength
   (You found it on level 2 of the Dungeon)
 i - a cursed ring of see invisible (right hand)
   (You found it on level 2 of the Dungeon)
 o - a ring of poison resistance (left hand)
   (You found it on level 2 of the Dungeon)
 w - a cursed ring of attention {unknown}
   (You found it on level 4 of the Dungeon)
 A - an uncursed amulet of the acrobat
   (You took it off a centaur on level 6 of the Dungeon)
 C - an uncursed amulet of the gourmand {unknown}
   (You found it on level 5 of the Dungeon)
 D - an uncursed ring of stealth {unknown}
   (You found it on level 5 of the Dungeon)
 F - an uncursed ring of stealth {unknown}
   (You found it on level 5 of the Dungeon)
 H - an uncursed ring of protection from magic {unknown}
   (You found it on level 6 of the Dungeon)
Wands
 G - a wand of iceblast (8)
   (You found it on level 6 of the Dungeon)
Scrolls
 c - 2 scrolls of enchant weapon {unknown}
 g - 4 scrolls of magic mapping {unknown}
 j - 2 scrolls of fear {unknown}
 k - 2 scrolls of immolation {unknown}
 m - 2 scrolls of noise {unknown}
 n - 3 scrolls of fog {unknown}
 r - 5 scrolls of identify
 s - 4 scrolls of remove curse {unknown}
 x - 3 scrolls of random uselessness {unknown}
 y - 3 scrolls of teleportation {unknown}
 E - 4 scrolls of blinking {unknown}
Potions
 f - a potion of ambrosia {unknown}
 h - 5 potions of haste
 l - 2 potions of flight {unknown}
 p - a potion of resistance {unknown}
 q - 5 potions of curing
 t - 2 potions of heal wounds {unknown}
 u - 2 potions of magic {unknown}
 v - a potion of lignification {unknown}
 z - a potion of mutation {unknown}
 I - 2 potions of might {unknown}
 J - 2 potions of cancellation {unknown}
Comestibles
 e - 3 rations
 K - 2 chunks of flesh


   Skills:
 + Level 9.1 Fighting
 * Level 9.3 Axes
 + Level 6.3 Dodging


You had 8 spell levels left.
You didn't know any spells.
Your spell library was empty.

Dungeon Overview and Level Annotations

Branches:
Dungeon (7/15)             Temple (0/1) D:6           Sewer (visited)
Ossuary (visited)

Altars:
Dithmenos
Hepliaklqana
Nemelex Xobeh
Qazlal
Ru
Uskayaw
Xom

Annotations:
D:7 1 runed translucent door, Yorgos's ghost, novice GnFi


Innate Abilities, Weirdness & Mutations

You are too large for most types of armour.
You have tough skin. (AC +1)


Message History

You hit the orc warrior. You freeze the orc warrior.
The orc warrior is moderately wounded.
You slash the orc warrior! You freeze the orc warrior.
The orc warrior is almost dead.
You feel sick.
The orc warrior hits you with a +0 dire flail!
* * * LOW HITPOINT WARNING * * *
You barely miss the orc wizard. The orc wizard barely misses you.
The orc warrior hits you with a +0 dire flail!!
* * * LOW HITPOINT WARNING * * *
You barely miss the orc warrior.
The orc warrior is almost dead.
The orc wizard closely misses you.
You closely miss the orc warrior.
The orc warrior is almost dead.
You feel sick.
The orc wizard hits you with a +0 dagger.
* * * LOW HITPOINT WARNING * * *
The orc warrior hits you with a +0 dire flail!
You die...

##.# #..# #.##
##.# #.## ##.#
###### ##..####
#.....# ###......#
.......##.o@.....#
..........#o...###
........###.....#
........# #.....#
......... #..#...#
.........##..#####
..........##.#
..........# .#
.........##


You could see an orc warrior and an orc wizard (invisible).

Vanquished Creatures
  3 ice beasts
  A phantom (D:6)
  A sky beast (D:5)
  2 ogres
  A necrophage (D:6)
  2 centaurs (D:6)
  A big kobold (D:5)
  4 bullfrogs
  4 scorpions
  2 crimson imps (D:5)
  A centaur zombie (Ossuary)
  A jelly (D:6)
  3 hounds
  A human zombie (Ossuary)
  A centaur skeleton (D:4)
  3 iguanas
  4 worker ants
  3 orc wizards
  A big kobold zombie (Ossuary)
  2 hound skeletons
  6 mummies
  A worker ant zombie (D:5)
  16 adders
  A gnoll (D:1)
  4 river rats (Sewer)
  A shadow imp (D:5)
  3 oozes
  An adder skeleton (D:5)
  2 worms (D:4)
  5 leopard geckos
  16 orcs
  16 ball pythons
  13 giant cockroaches
  8 goblins
  10 hobgoblins
  10 jackals
  4 quokkas
  4 bats
  4 frilled lizards
  A goblin zombie (Ossuary)
  11 kobolds
  A leopard gecko zombie (D:5)
  A quokka skeleton (D:5)
  28 rats
208 creatures vanquished.

Notes
Turn   | Place    | Note
-------+----------+-------------------------------------------
     0 | D:1      | Flugslaktarn the Ogre Berserker began the quest for the
                  | Orb.
     0 | D:1      | Reached XP level 1. HP: 24/24 MP: 1/1
   306 | D:1      | Reached XP level 2. HP: 21/32 MP: 2/2
   706 | D:1      | Reached XP level 3. HP: 40/40 MP: 3/3
  1560 | D:2      | Reached XP level 4. HP: 32/49 MP: 4/4
  1728 | D:2      | You fall into a shaft and drop 2 floors!
  1735 | D:4      | Reached ** piety under Trog
  1735 | D:4      | Reached skill level 5 in Fighting
  2076 | D:4      | Reached XP level 5. HP: 57/57 MP: 5/5
  2527 | D:3      | Reached skill level 5 in Axes
  2527 | D:3      | Reached XP level 6. HP: 66/66 MP: 6/6
  2713 | D:3      | Found a shimmering altar of Xom.
  2714 | D:3      | Found a hide-covered altar of Uskayaw.
  2715 | D:3      | Found a stormy altar of Qazlal.
  3863 | D:4      | Reached *** piety under Trog
  4135 | D:4      | Reached XP level 7. HP: 36/75 MP: 7/7
  5589 | D:5      | Entered Level 5 of the Dungeon
  5701 | D:5      | Found a sand-covered staircase.
  5719 | Ossuary  | Entered an ossuary
  6292 | Ossuary  | Reached XP level 8. HP: 23/87 MP: 8/8
  7094 | D:5      | Reached skill level 5 in Dodging
  7398 | D:5      | Found a hazy altar of Hepliaklqana.
  7877 | D:5      | Found a sparkling altar of Nemelex Xobeh.
  7898 | D:5      | Found a sacrificial altar of Ru.
  8333 | D:6      | Found a shadowy altar of Dithmenos.
  8380 | D:6      | Reached XP level 9. HP: 96/96 MP: 9/9
  8430 | D:6      | Reached **** piety under Trog
  8431 | D:6      | Found a glowing drain.
  8446 | Sewer    | Entered a sewer
  8908 | Sewer    | Reached ***** piety under Trog
  9872 | D:6      | Found a staircase to the Ecumenical Temple.
 10482 | D:7      | Found a runed translucent door.
 10483 | D:7      | Noticed Yorgos's ghost (novice GnFi)
 10520 | D:7      | HP: 5/147 [orc warrior/+0 dire flail (20)]
 10522 | D:7      | Slain by an orc warrior

Illustrated notes

Levels and vault maps discovered:
D:1:      dpeg_arrival_brainrot, layout_loops_ring, hex_medium
D:2:      minmay_spotlight, layout_rooms
D:3:      layout_basic, chequers_temple_overflow_statue_of_worship
D:4:      layout_gridville
D:5:      layout_loops_ring, kennysheep_mini, old_standard_altar,
          marbit_many_paths, first_ration, gup_ossuary_entry_pyramid
D:6:      layout_cave_pods, nicolae_dithmenos_the_darkroom,
          minmay_temple_entry_waves, gup_sewer_entry_pipe
D:7:      layout_cave_pods, ebering_ghost_reflecting_pool, grunt_livestock,
          kennysheep_generic_room_16

Skill      XL: |  1  2  3  4  5  6  7  8  9 |
---------------+----------------------------+-----
Dodging        | 3 4 5 6 |  6.3
Axes           | 4 5 6 8 9 |  9.3
Fighting       | 5 6 7 8 9 |  9.1

Action                   |  1- 3 |  4- 6 |  7- 9 || total
-------------------------+-------+-------+-------++-------
Melee: Hand axe          |    97 |   177 |   198 ||   472
       Glaive            |       |       |   278 ||   278
Invok: Berserk           |     2 |     1 |     8 ||    11
  Use: Potion            |       |       |     2 ||     2
       Scroll            |       |       |     1 ||     1
 Stab: Distracted        |       |     1 |     1 ||     2
       Sleeping          |       |     1 |     1 ||     2
  Eat: Chunk             |     4 |     6 |    12 ||    22
       Ration            |       |     1 |     5 ||     6
Armor: Animal skin       |    47 |    24 |    97 ||   168
Dodge: Dodged            |    73 |    87 |   371 ||   531

Table legend:
 A = Non-vault XP
 B = Vault XP
 C = Vault XP percentage of total XP
 D = Non-vault monster count
 E = Vault monster count
 F = Vault count percentage of total count
                 A         B        C        D         E       F
            +---------+---------+-------+---------+---------+-------
      Total |    2888 |     602 |  17.2 |     138 |      70 |  33.7
            +---------+---------+-------+---------+---------+-------
        D:1 |      53 |       2 |   3.6 |      23 |       1 |   4.2
        D:2 |      60 |      23 |  27.7 |      11 |       4 |  26.7
        D:3 |     119 |       0 |   0.0 |      23 |       0 |   0.0
        D:4 |     619 |       0 |   0.0 |      24 |       0 |   0.0
        D:5 |     740 |      18 |   2.4 |      24 |       1 |   4.0
        D:6 |    1229 |      18 |   1.4 |      27 |       7 |  20.6
        D:7 |      68 |       0 |   0.0 |       6 |       0 |   0.0
      Sewer |       0 |     331 | 100.0 |       0 |      48 | 100.0
    Ossuary |       0 |     210 | 100.0 |       0 |       9 | 100.0
            +---------+---------+-------+---------+---------+-------
